 Dungeon Crawl Stone Soup version 0.17.2-1-ge4368a0 (webtiles) character file.

30 Charly the Insei (level 3, 19/19 HPs)
             Began as a Vine Stalker Monk on July 2, 2017.
             Quit the game on level 3 of the Dungeon.
             The game lasted 00:06:55 (699 turns).

Charly the Insei (Vine Stalker Monk)                 Turns: 699, Time: 00:06:55

Health: 19/19      AC:  2    Str: 14    XL:     3   Next: 20%
Magic:  4/4        EV: 13    Int: 10    God:
Gold:   28         SH:  0    Dex: 16    Spells: 0 memorised, 2 levels left

rFire  . . .     SeeInvis .       - Unarmed
rCold  . . .     Clarity  .     a - +0 robe
rNeg   . . .     SustAt   .     (no shield)
rPois  .         Gourm    .     (no helmet)
rElec  .         Spirit   +     (no cloak)
rCorr  .         Warding  .     (no gloves)
rMut   .         Stasis   +     (no boots)
MR     .....                    l - amulet of stasis
Stlth  ++........               (no ring)
                                (no ring)

@: not resistant to hostile enchantments, unstealthy
A: fangs 2, regeneration 1, magic shield, antimagic bite, no device heal 3, rot
immunity
a: no special abilities


You were on level 3 of the Dungeon.
You were not hungry.

You visited 1 branch of the dungeon, and saw 4 of its levels.

You collected 28 gold pieces.

Inventory:

Armour
 a - a +0 robe (worn)
Jewellery
 h - an uncursed amulet of faith
 l - an amulet of stasis (around neck)
Scrolls
 d - a scroll of amnesia
Potions
 g - 2 potions of lignification
 j - a potion of haste
Comestibles
 b - 3 bread rations


   Skills:
 + Level 2.7 Fighting
 - Level 2.4 Dodging
 - Level 2.4 Stealth
 * Level 5.0 Unarmed Combat


You had 2 spell levels left.
You didn't know any spells.

Dungeon Overview and Level Annotations

Branches:
Dungeon (4/15)
 Temple: D:4-7

Altars:


Innate Abilities, Weirdness & Mutations

You have extremely sharp teeth.
Your natural rate of healing is unusually fast.
When hurt, damage is shared between your health and your magic reserves.
Your bite disrupts and absorbs the magic of your enemies.
Potions and wands cannot restore your health.
You are immune to rotting.


Message History

As you read the scroll of identify, it crumbles to dust.
j - a potion of haste Read which item? (? for menu, Esc to quit)
As you read the scroll labeled RUV IMAYCOWU, it crumbles to dust.
You feel forgetful for a moment.
It was a scroll of amnesia.
Read which item? (? for menu, Esc to quit)
As you read the scroll labeled BAUSADENGU, it crumbles to dust.
You feel a strange sense of stasis.
It was a scroll of teleportation.
Read which item? (? for menu, Esc to quit)
As you read the scroll labeled BED YBRIAGECS, it crumbles to dust.
It is a scroll of enchant weapon.
You aren't carrying any weapons that can be enchanted.
Read which item? (? for menu, Esc to quit)
As you read the scroll labeled QUNIAFF MOCARO, it crumbles to dust.
You feel aware of your surroundings.
You sensed 2 altars.
It was a scroll of magic mapping.
Read which item? (? for menu, Esc to quit)
As you read the scroll labeled ROKKIM POFF, it crumbles to dust.
You feel blessed for a moment.
It was a scroll of remove curse.
Are you sure you want to abandon this character and quit the game? (Confirm with "yes".)

.....#**+***
#.........#.
####.#⌠,,,⌠*
#.........#.
#.#,,,,,*
#.........'. #*
#.#,,_,,#########
#.........##
.###.#,,,,,#.......#
#.........#
.....#⌠,,,⌠#.......#
#....>....#
.....#*****#..<....#
#.........# .....#
#..÷....#
#.........# #....#
#....@..#
########### ##...#
#######.# *##..# #.#
######### ##...# #.#
#........ #....# #.#
#.####### .....# #.#
#.#
.#################.#
#.#
#................#.#
#.#
#.##############.#.#
#.#


There were no monsters in sight!

Vanquished Creatures
  An adder (D:3)
  An orc (D:3)
  A bat (D:2)
  2 giant cockroaches
  A goblin (D:3)
  2 hobgoblins (D:3)
  5 kobolds
  A giant newt (D:2)
  4 rats
18 creatures vanquished.

Notes
Turn   | Place    | Note
--------------------------------------------------------------
     0 | D:1      | Charly the Vine Stalker Monk began the quest for the Orb.
     0 | D:1      | Reached XP level 1. HP: 11/11 MP: 2/2
   248 | D:2      | Reached XP level 2. HP: 16/16 MP: 1/3
   368 | D:3      | Reached XP level 3. HP: 15/19 MP: 2/4
   423 | D:3      | Reached skill level 5 in Unarmed Combat
   699 | D:3      | Quit the game

Action                   || total
-------------------------++-------
Melee: Unarmed           ||    49
  Use: Scroll            ||     7
 Stab: Sleeping          ||     4
